 Dungeon Crawl Stone Soup version 0.20.1-1-g8b1a95d (webtiles) character file.

63 Jazqa the Shooter (level 3, -3/30 HPs)
             Began as a Centaur Hunter on Oct 28, 2017.
             Slain by a bullfrog (5 damage)
             ... on level 3 of the Dungeon.
             The game lasted 00:02:47 (1692 turns).

Jazqa the Shooter (Centaur Hunter)                  Turns: 1692, Time: 00:02:48

Health: -3/30      AC:  4    Str: 14    XL:     3   Next: 89%
Magic:  3/3        EV:  9    Int: 10    God:
Gold:   109        SH:  0    Dex: 10    Spells: 2/2 levels left

rFire    . . .     SeeInvis .   a - +1 shortbow
rCold    . . .     Gourm    .   (shield currently unavailable)
rNeg     . . .     Faith    .   c - +0 leather armour
rPois    .         Spirit   .   (no helmet)
rElec    .         Reflect  .   (no cloak)
rCorr    +         Harm     .   (no gloves)
MR       .....                  (no barding)
Stlth    +.........             (no amulet)
Regen    0.1/turn               R - ring of resist corrosion
MPRegen  0.1/turn               (no ring)

@: very quick
A: hooves 3, deformed body, speed 2, tough skin 3
a: no special abilities


You were on level 3 of the Dungeon.
You were hungry.

You visited 1 branch of the dungeon, and saw 3 of its levels.

You collected 109 gold pieces.


Innate Abilities, Weirdness & Mutations

You have hooves in place of feet.
Armour fits poorly on your strangely shaped body.
You cover ground very quickly.
You have extremely tough skin. (AC +3)


   Skills:
 + Level 2.8 Fighting
 + Level 1.2 Short Blades
 + Level 6.3 Bows
 - Level 1.3 Dodging
 - Level 0.4 Stealth


You had 2 spell levels left.
You didn't know any spells.

Inventory:

Hand Weapons
 a - a +1 shortbow (weapon)
 b - a +0 short sword
Missiles
 d - 6 arrows (quivered)
Armour
 c - a +0 leather armour (worn)
Jewellery
 R - a ring of resist corrosion (left hand)
Scrolls
 e - 2 scrolls of identify {unknown}
 g - a scroll of fog {unknown}
 k - a scroll of remove curse {unknown}
 l - a scroll of random uselessness {unknown}
 o - a scroll of noise {unknown}
Potions
 h - 3 potions of brilliance {unknown}
 i - a potion of cancellation {unknown}
 m - a potion of heal wounds {unknown}
 n - a potion of haste {unknown}
 p - a potion of experience {unknown}
Comestibles
 f - a bread ration {@e1}
 j - 9 chunks of flesh

Dungeon Overview and Level Annotations

Branches:
Dungeon (3/15)

Altars:
Trog

#.....# #....# ####.#..
#.....###....########.#..
####...#(....+...........
#######'#.....########.###
..........###......###.#
..........# #..........#
..........# #.......#†.#
##.......F###..........#
..#####+#@....≈...)...## #
#......P≈≈.######
#######P≈♣≈# #≈♣≈♣# ##.##
#.. ####


You could see a bullfrog.


Message History

The bullfrog is severely wounded.
The bullfrog barely misses you. The bullfrog hits you.
Firing (i - inventory):
d - 10 arrows (quivered)
Press: ? - help, Shift-Dir - straight line, f/p - bullfrog
Aim: a bullfrog (severely wounded)
You shoot an arrow. The arrow closely misses the bullfrog.
The bullfrog snags a nearby small bird with its tongue.
The bullfrog hits you.
* * * LOW HITPOINT WARNING * * *
Firing (i - inventory):
d - 9 arrows (quivered)
Press: ? - help, Shift-Dir - straight line, f/p - bullfrog
Aim: a bullfrog (severely wounded)
You shoot an arrow.
The arrow completely misses the bullfrog.
The bullfrog hits you.
* * * LOW HITPOINT WARNING * * *
The bullfrog hits you.
* * * LOW HITPOINT WARNING * * *
Firing (i - inventory):
d - 8 arrows (quivered)
Press: ? - help, Shift-Dir - straight line, f/p - bullfrog
Aim: a bullfrog (severely wounded)
You shoot an arrow. The arrow hits the bullfrog.
The bullfrog is almost dead.
The bullfrog barely misses you.
Firing (i - inventory):
d - 7 arrows (quivered)
Press: ? - help, Shift-Dir - straight line, f/p - bullfrog
Aim: a bullfrog (almost dead)
You shoot an arrow. The arrow closely misses the bullfrog.
The bullfrog hits you.
You die...

Skill      XL: |  1  2 |
---------------+-------+-----
Bows           | 6 |  6.3
Short Blades   | 1 |  1.2
Fighting       | |  2.8
Dodging        | |  1.3
Stealth        | |  0.4

Action                   || total
-------------------------++-------
Melee: Shortbow          ||    21
       Kick              ||    11
       Short sword       ||    57
 Fire: Shortbow          ||    33
  Eat: Chunk             ||     1
Armor: Leather armour    ||    29
Dodge: Dodged            ||    64

Vault maps used:
D:1:      minmay_arrival_five_plusses
D:2:      tgw_trog
D:3:      serial_bayou, serial_bayou_pond_a, serial_bayou_crossing,
          serial_bayou_pond_b, serial_bayou_pond_d, first_bread,
          minmay_statues_item

Notes
Turn   | Place    | Note
-------+----------+-------------------------------------------
     0 | D:1      | Jazqa the Centaur Hunter began the quest for the Orb.
     0 | D:1      | Reached XP level 1. HP: 17/17 MP: 1/1
   786 | D:1      | Reached XP level 2. HP: 24/24 MP: 2/2
  1045 | D:2      | Reached skill level 6 in Bows
  1255 | D:2      | Noticed a moth of wrath
  1257 | D:2      | Found a bloodstained altar of Trog.
  1331 | D:3      | Reached skill level 1 in Short Blades
  1331 | D:3      | Reached XP level 3. HP: 7/30 MP: 3/3
  1663 | D:3      | Noticed a bullfrog
  1690 | D:3      | HP: 1/30 [bullfrog (6)]
  1692 | D:3      | Slain by a bullfrog

Vanquished Creatures
  An iguana (D:3)
  A worm (D:2)
  2 leopard geckos
  2 giant cockroaches
  3 goblins
  3 hobgoblins
  3 jackals
  4 bats
  6 kobolds
  5 rats
30 creatures vanquished.
